Login

Philadelphia Flyers vs New Jersey Devils

Created - April 30, 2024 at 21:43

Goals
1 2 3 T
Philadelphia Flyers 1 1 1 3
New Jersey Devils 0 2 0 2
Shots
1 2 3 T
Philadelphia Flyers 6 7 10 23
New Jersey Devils 11 12 15 38

GoalsPenalties
1st period
1. Philadelphia Flyers , Matt Boldy 3 (Erik Johnson 1, Anders Lee 1) at 19:46
Gustav Forsling (PHI) for Hooking (Minor) at 3:35
Phillip Danault (NJ ) for Interference (Minor) at 7:17
Anders Lee (PHI) for Tripping (Minor) at 7:17
Matt Boldy (PHI) for Delaying the game (Minor) at 10:49
Travis Sanheim (NJ ) for Interference (Minor) at 13:14
2nd period
2. Philadelphia Flyers , Nikita Zadorov 1 (Chris Tanev 1) at 3:16
3. New Jersey Devils , Tyler Seguin 3 (Artem Zub 2, Tyler Toffoli 2) at 4:07
4. New Jersey Devils , Nick Schmaltz 2 (Artturi Lehkonen 1, Pius Suter 1) at 11:33 (PP)
Nikita Zadorov (PHI) for Hooking (Minor) at 4:59
Nikita Zadorov (PHI) for High sticking (Minor) at 10:08
Nico Sturm (NJ ) for High sticking (Minor) at 18:26
3rd period
5. Philadelphia Flyers , Tim Stutzle 3 (Jack Hughes 2, Matt Boldy 2) at 13:08
Artturi Lehkonen (NJ ) for Hooking (Minor) at 6:25
Anze Kopitar (PHI) for Holding (Minor) at 11:05
Sidney Crosby (PHI) for Hooking (Minor) at 14:45
Goalie Stats
Ilya Samsonov (PHI), 36 saves from 38 shots - (0.947), W, 3-2-0, 60:00 minutes
Sergei Bobrovsky (NJ ), 20 saves from 23 shots - (0.870), L, 2-3-0, 58:56 minutes
3 StarsOfficial
1 - Ilya Samsonov (PHI)
2 - Tim Stutzle (PHI)
3 - Matt Boldy (PHI)
Referees : Unknown
Linesman : Unknown
Game Note
No Game Note
Finance
Level 1 -- Attendance: 6000 (100.00%) -- Ticket Income $600,000
Level 2 -- Attendance: 5000 (100.00%) -- Ticket Income $300,000
Level 3 -- Attendance: 1900 (95.00%) -- Ticket Income $76,000
Level 4 -- Attendance: 4000 (100.00%) -- Ticket Income $80,000
Luxury Box -- Attendance: 1000 (100.00%) -- Ticket Income $180,000
Game was played at the Prudential Center.
Total Attendance: 17900 (99.44%)
Total Ticket Income: $1,236,000
Total Income: $1,236,000



Team Name Goals Shots Shots Attemp Shots Blocked PIM HIT PP PK FO%
Philadelphia Flyers 323421114140 / 3 (0%)154%
New Jersey Devils 2388168171 / 6 (17%)046%

Philadelphia Flyers
Player Name POS G A P +/- PIM HIT SHT SB MP PP MP PP SHT PK MP PK SHT FO% FOT
Adam HenriqueRW0001011013:320:0003:1000% 0
Alex OvechkinRW0000011018:302:5500:0000% 0
Anders LeeLW0111211010:210:0000:000100% 2
Anze KopitarC0001221018:223:0201:04052% 27
Chris TanevD0110012220:522:4524:4200% 0
David KampfC000000106:090:0003:53050% 12
Erik JohnsonD0111000217:390:0006:3200% 0
Gustav ForslingD0001211317:290:0006:2300% 0
Jack HughesLW0110001020:322:5511:0600% 0
Jordan EberleRW0001000015:333:0200:0000% 0
Kris LetangD0001011321:233:1200:0000% 0
Matt BoldyC1121204016:440:0006:23048% 23
Nathan BastianRW000000009:200:0007:0400% 0
Nikita ZadorovD1010422120:472:4503:5600% 0
Samuel GirardD0001013021:473:1211:0700% 0
Sidney CrosbyC0000200018:422:5500:00062% 21
Tim StutzleLW1011034016:363:0210:00050% 2
Vladislav NamestnikovLW000000002:160:0000:0000% 0
New Jersey Devils
Player Name POS G A P +/- PIM HIT SHT SB MP PP MP PP SHT PK MP PK SHT FO% FOT
Artem ZubD011-2001219:290:0002:4400% 0
Artturi LehkonenLW/RW011-1213016:365:0120:0000% 0
Carter VerhaegheLW/RW0000013020:026:1920:000100% 1
Dougie HamiltonD0000044024:575:4613:1300% 0
Erik GustafssonD0000012216:295:3420:1200% 0
Jaden SchwartzLW0000034117:596:1920:00067% 3
Keegan KolesarRW000-1001010:270:0003:1100% 0
Michael PezzettaLW/RW000-100008:200:0001:0400% 3
Nick SchmaltzRW101-1004018:445:4630:0000% 0
Nico SturmC000-120109:220:0002:07057% 7
Phillip DanaultC000-1200111:350:0000:00042% 12
Pius SuterC/LW/RW0110013017:165:0122:4600% 2
Robert ThomasC/LW/RW0000022020:026:1910:00045% 29
Ryan LindgrenD0000013018:280:0003:1300% 0
Travis SanheimD000-2210018:350:0001:5100% 0
Tyler SeguinC/RW1010021017:165:0102:46052% 29
Tyler ToffoliRW0110006015:425:3430:0000% 1
Zach BogosianD0000000010:410:0000:4100% 0

Philadelphia Flyers

5 vs 5 Forward
Line #Left WingCenterRight WingPHYDFOFWanted %Time %Time Play
1Jack HughesSidney CrosbyAlex Ovechkin1223537%14:52
2Tim StutzleAnze KopitarJordan Eberle1223031%12:31
3Anders LeeMatt BoldyAdam Henrique1222526%10:22
4Vladislav NamestnikovDavid KampfNathan Bastian122106%2:16
5 vs 5 Defense
Line #DefenseDefensePHYDFOFWanted %Time %Time Play
1Samuel GirardKris Letang1223537%14:40
2Nikita ZadorovChris Tanev1223031%12:29
3Gustav ForslingErik Johnson1222528%11:07
4Samuel GirardKris Letang122104%1:45
Power Play Forward
Line #Left WingCenterRight WingPHYDFOFWanted %Time %Time Play
1Jack HughesSidney CrosbyAlex Ovechkin1046049%2:55
2Tim StutzleAnze KopitarJordan Eberle1044051%3:02
Power Play Defense
Line #DefenseDefensePHYDFOFWanted %Time %Time Play
1Samuel GirardKris Letang1046054%3:12
2Nikita ZadorovChris Tanev1134046%2:45
Penalty Kill 4 Players Forward
Line #CenterWingPHYDFOFWanted %Time %Time Play
1Matt BoldyNathan Bastian1406072%8:10
2David KampfAdam Henrique1404028%3:10
Penalty Kill 4 Players Defense
Line #DefenseDefensePHYDFOFWanted %Time %Time Play
1Gustav ForslingErik Johnson1406063%7:06
2Nikita ZadorovChris Tanev1404037%4:14
Penalty Kill 3 Players
Line #WingPHYDFOFWanted %Time %Time PlayDefenseDefensePHYDFOFWanted %Time %Time Play
1Matt Boldy140600%0:00 Gustav ForslingErik Johnson140600%0:00
2David Kampf140400%0:00 Nikita ZadorovChris Tanev140400%0:00
4 vs 4 Forward
Line #CenterWingPHYDFOFWanted %Time %Time Play
1Sidney CrosbyJack Hughes1226047%0:56
2Anze KopitarTim Stutzle1224053%1:03
4 vs 4 Defense
Line #DefensePHYDFOFWanted %Time %Time Play
1Samuel GirardKris Letang1226053%60% - 1:03
2Nikita ZadorovChris Tanev1224047%40% - 0:56
Last Minutes Offensive
Left WingCenterRight WingDefenseDefense
Jack HughesAnze KopitarAlex OvechkinKris LetangNikita Zadorov
Last Minutes Defensive
Left WingCenterRight WingDefenseDefense
Jack HughesAnze KopitarAlex OvechkinKris LetangNikita Zadorov
Time
Total ForwardTotal DefenseLast Minutes OffensiveLast Minutes Defensive
60:00 60:00 0:000:43
Extra Forwards
Normal PowerPlayPenalty Kill
Matt Boldy, Anders Lee, David KampfMatt Boldy, Anders LeeDavid Kampf
Extra Defensemen
Normal PowerPlayPenalty Kill
Erik Johnson, Gustav Forsling, Chris TanevErik Johnson, Gustav ForslingChris Tanev
Penalty Shots
Jack Hughes, Anders Lee, Sidney Crosby, Alex Ovechkin, Tim Stutzle
Goalie
Ilya Samsonov, Martin Jones
Scratches
Dakota Joshua (Healthy)

New Jersey Devils

5 vs 5 Forward
Line #Left WingCenterRight WingPHYDFOFWanted %Time %Time Play
1Jaden SchwartzRobert ThomasCarter Verhaeghe1223029%11:40
2Artturi LehkonenPhillip DanaultNick Schmaltz1223029%11:36
3Pius SuterTyler SeguinTyler Toffoli1222524%9:29
4Michael PezzettaNico SturmKeegan Kolesar1221518%7:16
5 vs 5 Defense
Line #DefenseDefensePHYDFOFWanted %Time %Time Play
1Ryan LindgrenDougie Hamilton1224036%14:36
2Travis SanheimArtem Zub1223539%15:25
3Erik GustafssonZach Bogosian1222525%10:00
4Ryan LindgrenDougie Hamilton12200%0:00
Power Play Forward
Line #Left WingCenterRight WingPHYDFOFWanted %Time %Time Play
1Jaden SchwartzRobert ThomasCarter Verhaeghe0055056%6:19
2Pius SuterTyler SeguinArtturi Lehkonen0055044%5:01
Power Play Defense
Line #DefenseDefensePHYDFOFWanted %Time %Time Play
1Nick SchmaltzDougie Hamilton0145051%5:46
2Tyler ToffoliErik Gustafsson0145049%5:34
Penalty Kill 4 Players Forward
Line #CenterWingPHYDFOFWanted %Time %Time Play
1Tyler SeguinPius Suter0505046%2:46
2Nico SturmKeegan Kolesar0505054%3:11
Penalty Kill 4 Players Defense
Line #DefenseDefensePHYDFOFWanted %Time %Time Play
1Travis SanheimArtem Zub1405046%2:44
2Ryan LindgrenDougie Hamilton1405054%3:13
Penalty Kill 3 Players
Line #WingPHYDFOFWanted %Time %Time PlayDefenseDefensePHYDFOFWanted %Time %Time Play
1Phillip Danault050500%0:00 Travis SanheimArtem Zub140500%0:00
2Nico Sturm050500%0:00 Ryan LindgrenDougie Hamilton140500%0:00
4 vs 4 Forward
Line #CenterWingPHYDFOFWanted %Time %Time Play
1Robert ThomasCarter Verhaeghe1225067%1:20
2Phillip DanaultNick Schmaltz1225033%0:39
4 vs 4 Defense
Line #DefensePHYDFOFWanted %Time %Time Play
1Ryan LindgrenDougie Hamilton1225033%50% - 0:39
2Travis SanheimArtem Zub1225067%50% - 1:20
Last Minutes Offensive
Left WingCenterRight WingDefenseDefense
Carter VerhaegheRobert ThomasNick SchmaltzErik GustafssonDougie Hamilton
Last Minutes Defensive
Left WingCenterRight WingDefenseDefense
Michael PezzettaNico SturmKeegan KolesarRyan LindgrenArtem Zub
Time
Total ForwardTotal DefenseLast Minutes OffensiveLast Minutes Defensive
60:00 60:00 0:430:00
Extra Forwards
Normal PowerPlayPenalty Kill
Tyler Toffoli, Robert Thomas, Artturi LehkonenPhillip Danault, Nico SturmMichael Pezzetta
Extra Defensemen
Normal PowerPlayPenalty Kill
Dougie Hamilton, Travis Sanheim, Zach BogosianTravis Sanheim, Zach BogosianErik Gustafsson
Penalty Shots
Nick Schmaltz, Artturi Lehkonen, Tyler Toffoli, Carter Verhaeghe, Robert Thomas
Goalie
Sergei Bobrovsky, Kaapo Kahkonen
Scratches
NJ Cap Hit (Suspend), Radim Simek (Left Knee Injury)


Play-by-Play

1st period


0:01 of 1st period - Sidney Crosby wins face-off versus Robert Thomas in neutral zone.
0:03 of 1st period - Samuel Girard is hit by Ryan Lindgren and loses puck.
0:26 of 1st period - Kris Letang is hit by Jaden Schwartz and loses puck.
2:38 of 1st period - Shot by Gustav Forsling.
2:38 of 1st period - Stopped by Sergei Bobrovsky without a rebound.
2:39 of 1st period - David Kampf wins face-off versus Tyler Seguin in New Jersey Devils zone.
2:46 of 1st period - Shot by Kris Letang.
2:46 of 1st period - Stopped by Sergei Bobrovsky without a rebound.
2:47 of 1st period - David Kampf wins face-off versus Tyler Seguin in New Jersey Devils zone.
2:55 of 1st period - Shot by David Kampf.
2:55 of 1st period - Stopped by Sergei Bobrovsky without a rebound.
2:56 of 1st period - Sidney Crosby wins face-off versus Nico Sturm in New Jersey Devils zone.
3:35 of 1st period - Minor Penalty to Gustav Forsling for Hooking.
3:36 of 1st period - Matt Boldy wins face-off versus Robert Thomas in Philadelphia Flyers zone.
3:36 of 1st period - Matt Boldy is hit by Jaden Schwartz.
4:07 of 1st period - Shot by Tyler Toffoli.
4:07 of 1st period - Shot Misses the Net.
4:09 of 1st period - Shot by Erik Gustafsson.
4:09 of 1st period - Deflect By Carter Verhaeghe.
4:09 of 1st period - Stopped by Ilya Samsonov without a rebound.
4:10 of 1st period - Matt Boldy wins face-off versus Tyler Seguin in Philadelphia Flyers zone.
5:36 of 1st period - Off-side.
5:37 of 1st period - Anze Kopitar wins face-off versus Nico Sturm in neutral zone.
5:58 of 1st period - Artem Zub is hit by Tim Stutzle.
6:16 of 1st period - Shot by Nico Sturm.
6:16 of 1st period - Shot Misses the Net.
6:45 of 1st period - Phillip Danault is hit by Kris Letang and loses puck.
7:06 of 1st period - Shot by Jack Hughes.
7:06 of 1st period - Shot Misses the Net.
7:08 of 1st period - Shot by Samuel Girard.
7:08 of 1st period - Shot Misses the Net.
7:17 of 1st period - Minor Penalty to Phillip Danault for Interference.
7:17 of 1st period - Minor Penalty to Anders Lee for Tripping.
7:18 of 1st period - Sidney Crosby wins face-off versus Robert Thomas in neutral zone.
7:29 of 1st period - Shot by Carter Verhaeghe.
7:29 of 1st period - Shot Misses the Net.
7:53 of 1st period - Shot by Robert Thomas.
7:53 of 1st period - Shot Misses the Net.
8:38 of 1st period - Shot by Anze Kopitar.
8:38 of 1st period - Stopped by Sergei Bobrovsky without a rebound.
8:39 of 1st period - Anze Kopitar wins face-off versus Robert Thomas in New Jersey Devils zone.
8:40 of 1st period - Shot by Tim Stutzle.
8:40 of 1st period - Stopped by Sergei Bobrovsky without a rebound.
8:41 of 1st period - Anze Kopitar wins face-off versus Robert Thomas in New Jersey Devils zone.
8:57 of 1st period - Artem Zub is hit by Anze Kopitar and loses puck.
10:36 of 1st period - Keegan Kolesar is hit by Nikita Zadorov.
10:49 of 1st period - Minor Penalty to Matt Boldy for Delaying the game.
10:50 of 1st period - Robert Thomas wins face-off versus Anze Kopitar in Philadelphia Flyers zone.
12:07 of 1st period - Shot by Pius Suter.
12:07 of 1st period - Shot Misses the Net.
12:09 of 1st period - Shot by Tyler Toffoli.
12:09 of 1st period - Stopped by Ilya Samsonov without a rebound.
12:10 of 1st period - Robert Thomas wins face-off versus David Kampf in Philadelphia Flyers zone.
12:11 of 1st period - Shot by Jaden Schwartz.
12:11 of 1st period - Shot Misses the Net.
12:13 of 1st period - Shot by Robert Thomas.
12:13 of 1st period - Stopped by Ilya Samsonov with a rebound.
12:15 of 1st period - Shot by Carter Verhaeghe.
12:15 of 1st period - Stopped by Ilya Samsonov with a rebound.
12:17 of 1st period - Shot by Dougie Hamilton.
12:17 of 1st period - Shot Misses the Net.
12:19 of 1st period - Shot by Jaden Schwartz.
12:19 of 1st period - Stopped by Ilya Samsonov with a rebound.
12:21 of 1st period - Shot by Nick Schmaltz.
12:21 of 1st period - Stopped by Ilya Samsonov without a rebound.
12:22 of 1st period - Robert Thomas wins face-off versus David Kampf in Philadelphia Flyers zone.
13:14 of 1st period - Minor Penalty to Travis Sanheim for Interference.
13:15 of 1st period - Sidney Crosby wins face-off versus Tyler Seguin in New Jersey Devils zone.
13:31 of 1st period - Off-side.
13:32 of 1st period - Tim Stutzle wins face-off versus Tyler Seguin in neutral zone.
15:40 of 1st period - Shot by Robert Thomas.
15:40 of 1st period - Stopped by Ilya Samsonov without a rebound.
15:41 of 1st period - David Kampf wins face-off versus Phillip Danault in Philadelphia Flyers zone.
16:59 of 1st period - Jordan Eberle is hit by Dougie Hamilton and loses puck.
17:03 of 1st period - Icing by Ryan Lindgren.
17:04 of 1st period - Sidney Crosby wins face-off versus Robert Thomas in New Jersey Devils zone.
17:05 of 1st period - Shot by Jack Hughes.
17:05 of 1st period - Shot Misses the Net.
17:15 of 1st period - Kris Letang is hit by Robert Thomas and loses puck.
17:22 of 1st period - Shot by Carter Verhaeghe.
17:22 of 1st period - Shot Blocked by Kris Letang.
17:24 of 1st period - Shot by Ryan Lindgren.
17:24 of 1st period - Stopped by Ilya Samsonov with a rebound.
17:26 of 1st period - Shot by Dougie Hamilton.
17:26 of 1st period - Stopped by Ilya Samsonov without a rebound.
17:27 of 1st period - Tyler Seguin wins face-off versus Matt Boldy in Philadelphia Flyers zone.
17:32 of 1st period - Shot by Tyler Toffoli.
17:32 of 1st period - Shot Blocked by Chris Tanev.
17:34 of 1st period - Shot by Pius Suter.
17:34 of 1st period - Stopped by Ilya Samsonov without a rebound.
17:35 of 1st period - Tyler Seguin wins face-off versus Anze Kopitar in Philadelphia Flyers zone.
18:35 of 1st period - Icing by Robert Thomas.
18:36 of 1st period - Sidney Crosby wins face-off versus Robert Thomas in New Jersey Devils zone.
18:55 of 1st period - Shot by Dougie Hamilton.
18:55 of 1st period - Stopped by Ilya Samsonov with a rebound.
19:44 of 1st period - Shot by Matt Boldy.
19:44 of 1st period - Shot Misses the Net.
19:46 of 1st period - Shot by Erik Johnson.
19:46 of 1st period - Deflect By Matt Boldy.
19:46 of 1st period - Goal by Matt Boldy - Philadelphia Flyers : 1 - New Jersey Devils : 0.
19:47 of 1st period - Tyler Seguin wins face-off versus David Kampf in neutral zone.
Goals for this period are 1 for Philadelphia Flyers vs 0 for New Jersey Devils.
Shots for this period are 6 for Philadelphia Flyers vs 11 for New Jersey Devils.

2nd period


0:01 of 2nd period - Robert Thomas wins face-off versus Sidney Crosby in neutral zone.
0:04 of 2nd period - Samuel Girard is hit by Jaden Schwartz and loses puck.
0:43 of 2nd period - Shot by Sidney Crosby.
0:43 of 2nd period - Shot Misses the Net.
1:31 of 2nd period - Shot by Tyler Toffoli.
1:31 of 2nd period - Shot Blocked by Chris Tanev.
1:33 of 2nd period - Shot by Artem Zub.
1:33 of 2nd period - Shot Blocked by Nikita Zadorov.
1:35 of 2nd period - Shot by Tyler Toffoli.
1:35 of 2nd period - Stopped by Ilya Samsonov without a rebound.
1:36 of 2nd period - Anders Lee wins face-off versus Phillip Danault in Philadelphia Flyers zone.
2:38 of 2nd period - Shot by Nico Sturm.
2:38 of 2nd period - Shot Blocked by Erik Johnson.
2:52 of 2nd period - Shot by Michael Pezzetta.
2:52 of 2nd period - Deflect By Nico Sturm.
2:52 of 2nd period - Shot Misses the Net.
2:54 of 2nd period - Shot by Keegan Kolesar.
2:54 of 2nd period - Shot Misses the Net.
2:56 of 2nd period - Shot by Nico Sturm.
2:56 of 2nd period - Shot Misses the Net.
2:58 of 2nd period - Shot by Dougie Hamilton.
2:58 of 2nd period - Shot Misses the Net.
3:00 of 2nd period - Shot by Michael Pezzetta.
3:00 of 2nd period - Deflect By Keegan Kolesar.
3:00 of 2nd period - Stopped by Ilya Samsonov without a rebound.
3:01 of 2nd period - Robert Thomas wins face-off versus Sidney Crosby in Philadelphia Flyers zone.
3:02 of 2nd period - Shot by Carter Verhaeghe.
3:02 of 2nd period - Shot Misses the Net.
3:08 of 2nd period - Shot by Sidney Crosby.
3:08 of 2nd period - Shot Misses the Net.
3:10 of 2nd period - Shot by Samuel Girard.
3:10 of 2nd period - The goal is going for a video replay.
3:10 of 2nd period - The goal is refused.
3:11 of 2nd period - Tyler Seguin wins face-off versus Anze Kopitar in New Jersey Devils zone.
3:16 of 2nd period - Shot by Nikita Zadorov.
3:16 of 2nd period - Goal by Nikita Zadorov - Philadelphia Flyers : 2 - New Jersey Devils : 0.
3:17 of 2nd period - Sidney Crosby wins face-off versus Tyler Seguin in neutral zone.
3:26 of 2nd period - Off-side.
3:27 of 2nd period - Anze Kopitar wins face-off versus Robert Thomas in neutral zone.
3:55 of 2nd period - Icing by Nikita Zadorov.
3:56 of 2nd period - Tyler Seguin wins face-off versus Anze Kopitar in Philadelphia Flyers zone.
3:59 of 2nd period - Shot by Tyler Toffoli.
3:59 of 2nd period - Shot Misses the Net.
4:01 of 2nd period - Shot by Artem Zub.
4:01 of 2nd period - Deflect By Tyler Toffoli.
4:01 of 2nd period - Shot Misses the Net.
4:07 of 2nd period - Shot by Tyler Seguin.
4:07 of 2nd period - Goal by Tyler Seguin - Philadelphia Flyers : 2 - New Jersey Devils : 1.
4:08 of 2nd period - Sidney Crosby wins face-off versus Phillip Danault in neutral zone.
4:11 of 2nd period - Artturi Lehkonen is hit by Alex Ovechkin and loses puck.
4:45 of 2nd period - Off-side.
4:46 of 2nd period - Anze Kopitar wins face-off versus Tyler Seguin in neutral zone.
4:50 of 2nd period - Off-side.
4:51 of 2nd period - Tyler Seguin wins face-off versus Anze Kopitar in neutral zone.
4:59 of 2nd period - Minor Penalty to Nikita Zadorov for Hooking.
5:00 of 2nd period - Matt Boldy wins face-off versus Robert Thomas in Philadelphia Flyers zone.
5:00 of 2nd period - Matt Boldy is hit by Robert Thomas.
5:46 of 2nd period - Icing by Dougie Hamilton.
5:47 of 2nd period - Robert Thomas wins face-off versus David Kampf in New Jersey Devils zone.
6:00 of 2nd period - Shot by Tyler Toffoli.
6:00 of 2nd period - Stopped by Ilya Samsonov with a rebound.
6:02 of 2nd period - Shot by Pius Suter.
6:02 of 2nd period - Stopped by Ilya Samsonov without a rebound.
6:03 of 2nd period - Matt Boldy wins face-off versus Tyler Seguin in Philadelphia Flyers zone.
6:14 of 2nd period - Shot by Tyler Seguin.
6:14 of 2nd period - Deflect By Pius Suter.
6:14 of 2nd period - Stopped by Ilya Samsonov with a rebound.
6:30 of 2nd period - Shot by Pius Suter.
6:30 of 2nd period - Shot Blocked by Gustav Forsling.
6:32 of 2nd period - Shot by Tyler Toffoli.
6:32 of 2nd period - Stopped by Ilya Samsonov without a rebound.
6:33 of 2nd period - David Kampf wins face-off versus Robert Thomas in Philadelphia Flyers zone.
6:57 of 2nd period - Shot by Nick Schmaltz.
6:57 of 2nd period - Shot Misses the Net.
7:17 of 2nd period - Shot by Jack Hughes.
7:17 of 2nd period - Shot Misses the Net.
7:41 of 2nd period - Shot by Sidney Crosby.
7:41 of 2nd period - Shot Blocked by Artem Zub.
8:05 of 2nd period - Shot by Tim Stutzle.
8:05 of 2nd period - Stopped by Sergei Bobrovsky without a rebound.
8:06 of 2nd period - Tyler Seguin wins face-off versus Matt Boldy in New Jersey Devils zone.
9:06 of 2nd period - Shot by Robert Thomas.
9:06 of 2nd period - Shot Misses the Net.
9:08 of 2nd period - Shot by Jaden Schwartz.
9:08 of 2nd period - Shot Misses the Net.
9:16 of 2nd period - Shot by Carter Verhaeghe.
9:16 of 2nd period - Shot Misses the Net.
9:52 of 2nd period - Artem Zub is hit by Tim Stutzle and loses puck.
9:58 of 2nd period - Travis Sanheim is hit by Anze Kopitar and loses puck.
10:02 of 2nd period - Phillip Danault is hit by Chris Tanev and loses puck.
10:08 of 2nd period - Minor Penalty to Nikita Zadorov for High sticking.
10:09 of 2nd period - Tyler Seguin wins face-off versus Matt Boldy in Philadelphia Flyers zone.
10:12 of 2nd period - Shot by Dougie Hamilton.
10:12 of 2nd period - Stopped by Ilya Samsonov without a rebound.
10:13 of 2nd period - Matt Boldy wins face-off versus Tyler Seguin in Philadelphia Flyers zone.
10:38 of 2nd period - Shot by Tyler Seguin.
10:38 of 2nd period - Deflect By Pius Suter.
10:38 of 2nd period - Shot Misses the Net.
10:40 of 2nd period - Shot by Dougie Hamilton.
10:40 of 2nd period - Shot Misses the Net.
10:42 of 2nd period - Shot by Artturi Lehkonen.
10:42 of 2nd period - Shot Misses the Net.
10:44 of 2nd period - Shot by Pius Suter.
10:44 of 2nd period - Deflect By Artturi Lehkonen.
10:44 of 2nd period - Stopped by Ilya Samsonov without a rebound.
10:45 of 2nd period - Robert Thomas wins face-off versus David Kampf in Philadelphia Flyers zone.
11:02 of 2nd period - Shot by Erik Gustafsson.
11:02 of 2nd period - Shot Hit the Post.
11:04 of 2nd period - Shot by Tyler Toffoli.
11:04 of 2nd period - Shot Blocked by Gustav Forsling.
11:06 of 2nd period - Shot by Erik Gustafsson.
11:06 of 2nd period - Shot Misses the Net.
11:08 of 2nd period - Shot by Tyler Toffoli.
11:08 of 2nd period - Shot Misses the Net.
11:10 of 2nd period - Shot by Erik Gustafsson.
11:10 of 2nd period - Shot Blocked by Erik Johnson.
11:17 of 2nd period - Shot by Jaden Schwartz.
11:17 of 2nd period - Stopped by Ilya Samsonov without a rebound.
11:18 of 2nd period - David Kampf wins face-off versus Tyler Seguin in Philadelphia Flyers zone.
11:33 of 2nd period - Shot by Nick Schmaltz.
11:33 of 2nd period - Goal by Nick Schmaltz - Philadelphia Flyers : 2 - New Jersey Devils : 2.
11:34 of 2nd period - Sidney Crosby wins face-off versus Nico Sturm in neutral zone.
11:51 of 2nd period - Shot by Sidney Crosby.
11:51 of 2nd period - Shot Misses the Net.
12:28 of 2nd period - Off-side.
12:29 of 2nd period - Robert Thomas wins face-off versus Anze Kopitar in neutral zone.
13:12 of 2nd period - Icing by Chris Tanev.
13:13 of 2nd period - Anze Kopitar wins face-off versus Phillip Danault in Philadelphia Flyers zone.
13:13 of 2nd period - Anze Kopitar is hit by Artturi Lehkonen.
13:42 of 2nd period - Icing by Nick Schmaltz.
13:43 of 2nd period - Phillip Danault wins face-off versus Sidney Crosby in New Jersey Devils zone.
14:10 of 2nd period - Shot by Jack Hughes.
14:10 of 2nd period - Shot Blocked by Erik Gustafsson.
14:12 of 2nd period - Shot by Kris Letang.
14:12 of 2nd period - Shot Blocked by Phillip Danault.
14:14 of 2nd period - Shot by Samuel Girard.
14:14 of 2nd period - Stopped by Sergei Bobrovsky without a rebound.
14:15 of 2nd period - Matt Boldy wins face-off versus Tyler Seguin in New Jersey Devils zone.
14:17 of 2nd period - Adam Henrique is hit by Dougie Hamilton.
14:26 of 2nd period - Ryan Lindgren is hit by Gustav Forsling and loses puck.
14:29 of 2nd period - Shot by Pius Suter.
14:29 of 2nd period - Deflect By Tyler Toffoli.
14:29 of 2nd period - Shot Misses the Net.
14:31 of 2nd period - Shot by Pius Suter.
14:31 of 2nd period - Shot Misses the Net.
14:49 of 2nd period - Shot by Tyler Toffoli.
14:49 of 2nd period - Shot Blocked by Gustav Forsling.
14:51 of 2nd period - Shot by Ryan Lindgren.
14:51 of 2nd period - Stopped by Ilya Samsonov without a rebound.
14:52 of 2nd period - Sidney Crosby wins face-off versus Robert Thomas in Philadelphia Flyers zone.
15:17 of 2nd period - Shot by Alex Ovechkin.
15:17 of 2nd period - Shot Misses the Net.
16:12 of 2nd period - Icing by Jordan Eberle.
16:13 of 2nd period - Anze Kopitar wins face-off versus Tyler Seguin in Philadelphia Flyers zone.
16:13 of 2nd period - Anze Kopitar is hit by Tyler Seguin.
16:16 of 2nd period - Jordan Eberle is hit by Tyler Seguin and loses puck.
16:21 of 2nd period - Shot by Nikita Zadorov.
16:21 of 2nd period - Stopped by Sergei Bobrovsky without a rebound.
16:22 of 2nd period - Phillip Danault wins face-off versus Matt Boldy in New Jersey Devils zone.
16:22 of 2nd period - Phillip Danault is hit by Anders Lee.
17:46 of 2nd period - Shot by Tyler Toffoli.
17:46 of 2nd period - Shot Blocked by Kris Letang.
18:21 of 2nd period - Icing by Keegan Kolesar.
18:22 of 2nd period - Nico Sturm wins face-off versus Tim Stutzle in New Jersey Devils zone.
18:26 of 2nd period - Minor Penalty to Nico Sturm for High sticking.
18:27 of 2nd period - Anze Kopitar wins face-off versus Michael Pezzetta in New Jersey Devils zone.
18:32 of 2nd period - Shot by Tim Stutzle.
18:32 of 2nd period - Stopped by Sergei Bobrovsky without a rebound.
18:33 of 2nd period - Anze Kopitar wins face-off versus Michael Pezzetta in New Jersey Devils zone.
18:38 of 2nd period - Shot by Chris Tanev.
18:38 of 2nd period - Stopped by Sergei Bobrovsky with a rebound.
19:43 of 2nd period - Shot by Jack Hughes.
19:43 of 2nd period - Deflect By Alex Ovechkin.
19:43 of 2nd period - Shot Misses the Net.
19:47 of 2nd period - Shot by Jack Hughes.
19:47 of 2nd period - Shot Blocked by Artem Zub.
Goals for this period are 1 for Philadelphia Flyers vs 2 for New Jersey Devils.
Shots for this period are 7 for Philadelphia Flyers vs 12 for New Jersey Devils.

3rd period


0:01 of 3rd period - Sidney Crosby wins face-off versus Michael Pezzetta in neutral zone.
0:15 of 3rd period - Shot by Samuel Girard.
0:15 of 3rd period - Stopped by Sergei Bobrovsky without a rebound.
0:16 of 3rd period - Anze Kopitar wins face-off versus Pius Suter in New Jersey Devils zone.
0:33 of 3rd period - Shot by Matt Boldy.
0:33 of 3rd period - Stopped by Sergei Bobrovsky without a rebound.
0:34 of 3rd period - Robert Thomas wins face-off versus Sidney Crosby in New Jersey Devils zone.
0:44 of 3rd period - Jack Hughes is hit by Dougie Hamilton and loses puck.
0:57 of 3rd period - Shot by Dougie Hamilton.
0:57 of 3rd period - Shot Blocked by Kris Letang.
0:59 of 3rd period - Shot by Dougie Hamilton.
0:59 of 3rd period - Shot Misses the Net.
1:08 of 3rd period - Icing by Sidney Crosby.
1:09 of 3rd period - Sidney Crosby wins face-off versus Phillip Danault in Philadelphia Flyers zone.
2:04 of 3rd period - Icing by Nick Schmaltz.
2:05 of 3rd period - Phillip Danault wins face-off versus Anze Kopitar in New Jersey Devils zone.
2:09 of 3rd period - Travis Sanheim is hit by Nikita Zadorov and loses puck.
2:17 of 3rd period - Icing by Chris Tanev.
2:18 of 3rd period - Anze Kopitar wins face-off versus Tyler Seguin in Philadelphia Flyers zone.
3:00 of 3rd period - Icing by Chris Tanev.
3:01 of 3rd period - Jaden Schwartz wins face-off versus Anze Kopitar in Philadelphia Flyers zone.
3:04 of 3rd period - Shot by Carter Verhaeghe.
3:04 of 3rd period - Stopped by Ilya Samsonov without a rebound.
3:05 of 3rd period - Carter Verhaeghe wins face-off versus Matt Boldy in Philadelphia Flyers zone.
3:47 of 3rd period - Icing by Zach Bogosian.
3:48 of 3rd period - Jaden Schwartz wins face-off versus Sidney Crosby in New Jersey Devils zone.
4:09 of 3rd period - Shot by Tyler Seguin.
4:09 of 3rd period - Shot Misses the Net.
4:11 of 3rd period - Shot by Ryan Lindgren.
4:11 of 3rd period - Shot Misses the Net.
4:23 of 3rd period - Shot by Tyler Toffoli.
4:23 of 3rd period - Stopped by Ilya Samsonov without a rebound.
4:24 of 3rd period - Anze Kopitar wins face-off versus Phillip Danault in Philadelphia Flyers zone.
4:47 of 3rd period - Shot by Nick Schmaltz.
4:47 of 3rd period - Stopped by Ilya Samsonov without a rebound.
4:48 of 3rd period - Matt Boldy wins face-off versus Pius Suter in Philadelphia Flyers zone.
4:52 of 3rd period - Adam Henrique is hit by Pius Suter and loses puck.
5:24 of 3rd period - Shot by Dougie Hamilton.
5:24 of 3rd period - Stopped by Ilya Samsonov with a rebound.
5:26 of 3rd period - Shot by Ryan Lindgren.
5:26 of 3rd period - Stopped by Ilya Samsonov with a rebound.
5:58 of 3rd period - Shot by Jaden Schwartz.
5:58 of 3rd period - Stopped by Ilya Samsonov without a rebound.
5:59 of 3rd period - Phillip Danault wins face-off versus Sidney Crosby in Philadelphia Flyers zone.
6:25 of 3rd period - Minor Penalty to Artturi Lehkonen for Hooking.
6:26 of 3rd period - Nico Sturm wins face-off versus Anze Kopitar in New Jersey Devils zone.
7:37 of 3rd period - Shot by Jack Hughes.
7:37 of 3rd period - Stopped by Sergei Bobrovsky without a rebound.
7:38 of 3rd period - Nico Sturm wins face-off versus Sidney Crosby in New Jersey Devils zone.
8:04 of 3rd period - Shot by Chris Tanev.
8:04 of 3rd period - Stopped by Sergei Bobrovsky without a rebound.
8:05 of 3rd period - Tyler Seguin wins face-off versus Anze Kopitar in New Jersey Devils zone.
8:05 of 3rd period - Tyler Seguin is hit by Tim Stutzle.
8:26 of 3rd period - Shot by Jaden Schwartz.
8:26 of 3rd period - Stopped by Ilya Samsonov without a rebound.
8:27 of 3rd period - Robert Thomas wins face-off versus Matt Boldy in Philadelphia Flyers zone.
8:48 of 3rd period - Shot by Matt Boldy.
8:48 of 3rd period - Stopped by Sergei Bobrovsky without a rebound.
8:49 of 3rd period - Sidney Crosby wins face-off versus Phillip Danault in New Jersey Devils zone.
8:50 of 3rd period - Shot by Jack Hughes.
8:50 of 3rd period - Shot Misses the Net.
10:16 of 3rd period - Off-side.
10:17 of 3rd period - Tyler Seguin wins face-off versus Matt Boldy in neutral zone.
10:34 of 3rd period - Shot by Gustav Forsling.
10:34 of 3rd period - Deflect By Matt Boldy.
10:34 of 3rd period - Shot Blocked by Erik Gustafsson.
10:44 of 3rd period - Shot by Adam Henrique.
10:44 of 3rd period - Stopped by Sergei Bobrovsky without a rebound.
10:45 of 3rd period - David Kampf wins face-off versus Jaden Schwartz in New Jersey Devils zone.
10:49 of 3rd period - Icing by Artem Zub.
10:50 of 3rd period - Anze Kopitar wins face-off versus Robert Thomas in New Jersey Devils zone.
11:05 of 3rd period - Minor Penalty to Anze Kopitar for Holding.
11:06 of 3rd period - Matt Boldy wins face-off versus Tyler Seguin in Philadelphia Flyers zone.
11:23 of 3rd period - Shot by Erik Gustafsson.
11:23 of 3rd period - Stopped by Ilya Samsonov without a rebound.
11:24 of 3rd period - Robert Thomas wins face-off versus Matt Boldy in Philadelphia Flyers zone.
11:47 of 3rd period - Icing by Carter Verhaeghe.
11:48 of 3rd period - Matt Boldy wins face-off versus Robert Thomas in New Jersey Devils zone.
12:31 of 3rd period - Icing by Tyler Toffoli.
12:32 of 3rd period - Tyler Seguin wins face-off versus David Kampf in New Jersey Devils zone.
12:32 of 3rd period - Tyler Seguin is hit by Adam Henrique.
12:48 of 3rd period - Shot by Artturi Lehkonen.
12:48 of 3rd period - Stopped by Ilya Samsonov with a rebound.
13:00 of 3rd period - Shot by Jack Hughes.
13:00 of 3rd period - Shot Misses the Net.
13:02 of 3rd period - Shot by Matt Boldy.
13:02 of 3rd period - Shot Misses the Net.
13:08 of 3rd period - Shot by Tim Stutzle.
13:08 of 3rd period - Goal by Tim Stutzle - Philadelphia Flyers : 3 - New Jersey Devils : 2.
13:09 of 3rd period - Nico Sturm wins face-off versus Anze Kopitar in neutral zone.
14:32 of 3rd period - Shot by Alex Ovechkin.
14:32 of 3rd period - Stopped by Sergei Bobrovsky with a rebound.
14:45 of 3rd period - Minor Penalty to Sidney Crosby for Hooking.
14:46 of 3rd period - Tyler Seguin wins face-off versus Matt Boldy in Philadelphia Flyers zone.
14:55 of 3rd period - Shot by Erik Gustafsson.
14:55 of 3rd period - Stopped by Ilya Samsonov without a rebound.
14:56 of 3rd period - Matt Boldy wins face-off versus Robert Thomas in Philadelphia Flyers zone.
14:56 of 3rd period - Matt Boldy is hit by Carter Verhaeghe.
15:08 of 3rd period - Shot by Nick Schmaltz.
15:08 of 3rd period - Stopped by Ilya Samsonov without a rebound.
15:09 of 3rd period - Tyler Seguin wins face-off versus Matt Boldy in Philadelphia Flyers zone.
15:31 of 3rd period - Off-side.
15:32 of 3rd period - Matt Boldy wins face-off versus Robert Thomas in neutral zone.
17:01 of 3rd period - Travis Sanheim is hit by Samuel Girard and loses puck.
17:16 of 3rd period - Shot by Nico Sturm.
17:16 of 3rd period - Stopped by Ilya Samsonov without a rebound.
17:17 of 3rd period - Phillip Danault wins face-off versus Sidney Crosby in Philadelphia Flyers zone.
17:48 of 3rd period - Shot by Phillip Danault.
17:48 of 3rd period - Shot Misses the Net.
17:50 of 3rd period - Shot by Artturi Lehkonen.
17:50 of 3rd period - Stopped by Ilya Samsonov without a rebound.
17:51 of 3rd period - Tyler Seguin wins face-off versus Matt Boldy in Philadelphia Flyers zone.
18:10 of 3rd period - Shot by Anders Lee.
18:10 of 3rd period - Stopped by Sergei Bobrovsky without a rebound.
18:11 of 3rd period - Robert Thomas wins face-off versus Anze Kopitar in New Jersey Devils zone.
18:16 of 3rd period - Shot by Carter Verhaeghe.
18:16 of 3rd period - Shot Hit the Post.
18:18 of 3rd period - Shot by Artem Zub.
18:18 of 3rd period - Stopped by Ilya Samsonov without a rebound.
18:19 of 3rd period - Anders Lee wins face-off versus Robert Thomas in Philadelphia Flyers zone.
18:32 of 3rd period - Shot by Matt Boldy.
18:32 of 3rd period - Shot Blocked by Jaden Schwartz.
18:34 of 3rd period - Shot by Matt Boldy.
18:34 of 3rd period - Stopped by Sergei Bobrovsky without a rebound.
18:35 of 3rd period - Anze Kopitar wins face-off versus Tyler Toffoli in New Jersey Devils zone.
18:35 of 3rd period - Anze Kopitar is hit by Travis Sanheim.
18:44 of 3rd period - Icing by Artem Zub.
18:45 of 3rd period - Tyler Seguin wins face-off versus Matt Boldy in New Jersey Devils zone.
18:56 of 3rd period - New Jersey Devils, Sergei Bobrovsky is pulled from the net.
19:16 of 3rd period - Shot by Tyler Toffoli.
19:16 of 3rd period - Stopped by Ilya Samsonov without a rebound.
19:17 of 3rd period - Robert Thomas wins face-off versus Anze Kopitar in Philadelphia Flyers zone.
19:20 of 3rd period - Shot by Robert Thomas.
19:20 of 3rd period - Shot Misses the Net.
19:25 of 3rd period - Jack Hughes is hit by Erik Gustafsson and loses puck.
19:58 of 3rd period - Jack Hughes is hit by Dougie Hamilton and loses puck.
Goals for this period are 1 for Philadelphia Flyers vs 0 for New Jersey Devils.
Shots for this period are 10 for Philadelphia Flyers vs 15 for New Jersey Devils.